 Dungeon Crawl Stone Soup version 0.24.1-8-ga250c9d538 (webtiles) character file.

Game seed: 10565953196094607481, levelgen mode: deterministic

12718 Atelerd the Thaumaturge (level 11, -1/62 HPs)
             Began as an Octopode Wizard on Apr 27, 2020.
             Was an Elder of Sif Muna.
             Slain by a seven-headed hydra (12 damage)
             ... on level 12 of the Dungeon on Apr 28, 2020.
             The game lasted 00:56:12 (18163 turns).

Atelerd the Thaumaturge (Octopode Wizard)          Turns: 18163, Time: 00:56:13

Health: -1/62      AC:  3    Str:  6    XL:     11   Next: 97%
Magic:  25/25      EV: 15    Int: 23    God:    Sif Muna [****..]
Gold:   555        SH:  0    Dex: 16    Spells: 12/31 levels left

rFire    + . .     SeeInvis +   E - +3 scimitar (flame)
rCold    + . .     Gourm    .   (no shield)
rNeg     . . .     Faith    .   z - +2 hat
rPois    .         Spirit   .   (no amulet)
rElec    .         Reflect  .   m - ring of see invisible
rCorr    .         Harm     .   x - +4 ring of dexterity
MR       .....                  D - ring of protection from fire
Stlth    +++++.....             t - ring of the Tired Orbs {Wiz rC+}
HPRegen  0.20/turn              (no ring)
MPRegen  0.19/turn              (no ring)
                                (no ring)
                                (no ring)

@: no status effects
A: almost no armour, stealthy swim, amphibious, 8 rings, constrict 8, antennae
1, camouflage 1, frail 1, gelatinous body 1
a: Channel Magic, Forget Spell, Divine Exegesis, Renounce Religion


You were on level 12 of the Dungeon.
You worshipped Sif Muna.
Sif Muna was greatly pleased with you.
You were hungry.

You visited 1 branch of the dungeon, and saw 12 of its levels.

You collected 555 gold pieces.

Inventory:

Hand Weapons
 u - a +2 shortbow of freezing
 C - the +7 scythe "Qoditu Goloa" {antimagic, Int+2}
   (You took it off a big kobold on level 7 of the Dungeon)

   It reduces the magical energy of the wielder, and disrupts the spells and
   magical abilities of those hit.
   Natural abilities and divine invocations are not affected.
   It affects your intelligence (+2).
 E - a +3 scimitar of flaming (weapon)
 H - a +5 spear
Missiles
 v - 139 arrows
Armour
 a - a +0 hat
 z - a +2 hat (worn)
Jewellery
 j - an uncursed ring of ice
 m - a ring of see invisible (left tentacle)
 t - the ring of the Tired Orbs (on tentacle) {Wiz rC+}
   (You acquired it on level 11 of the Dungeon)

   [ring of wizardry]

   It improves your spell success rate.
   It protects you from cold.
 x - a +4 ring of dexterity (right tentacle)
 D - a ring of protection from fire (on tentacle)
 I - an uncursed ring of fire
Wands
 g - a wand of flame (12)
 o - a wand of digging (3)
 q - a wand of polymorph (10)
Scrolls
 b - 5 scrolls of remove curse
 d - 2 scrolls of identify
 f - a scroll of blinking
 r - a scroll of immolation
 w - 5 scrolls of magic mapping
 y - a scroll of fear
 B - 2 scrolls of enchant armour
 G - 3 scrolls of teleportation
Potions
 e - 5 potions of curing
 h - a potion of heal wounds
 i - 3 potions of resistance {unknown}
 k - a potion of lignification
 l - 3 potions of degeneration
 n - 2 potions of agility
 p - 3 potions of might {unknown}
 s - 2 potions of berserk rage {unknown}
 A - 2 potions of haste
 F - a potion of ambrosia {unknown}
 J - a potion of flight {unknown}
Comestibles
 c - 21 rations


   Skills:
 - Level 4.0 Fighting
 - Level 4.0 Dodging
 - Level 7.0 Stealth
 - Level 10.8 Spellcasting
 * Level 10.3 Conjurations
   Level 1.0 Summonings
 - Level 3.0 Translocations
 - Level 2.1 Air Magic
 - Level 8.2 Invocations


You had 12 spell levels left.
You knew the following spells:

 Your Spells              Type           Power        Failure   Level  Hunger
a - Magic Dart            Conj           ####         1%          1    None
b - Mephitic Cloud        Conj/Pois/Air  ####....     1%          3    None
c - Blink                 Tloc           N/A          1%          2    None
d - Conjure Flame         Conj/Fire      #####...     1%          3    None
e - Inner Flame           Hex/Fire       ##......     6%          3    None
f - Orb of Destruction    Conj           ######....   26%         7    #######

Your spell library contained the following spells:

 Spells                   Type           Power        Failure   Level  Hunger
 Dazzling Spray           Conj/Hex       #####.       1%          3    None
 Corona                   Hex            ##.....      2%          1    None
 Call Imp                 Summ           ###.....     2%          2    None
 Throw Icicle             Conj/Ice       #####...     2%          4    #......
 Slow                     Hex            ##......     3%          2    None
 Portal Projectile        Hex/Tloc       ###...       3%          3    None
 Irradiate                Conj/Tmut      #####.....   7%          5    ####...
 Venom Bolt               Conj/Pois      #####.....   7%          5    ####...
 Cause Fear               Hex            ##........   21%         4    #......
 Leda's Liquefaction      Hex/Erth       ##........   21%         4    #......


Dungeon Overview and Level Annotations

Branches:
Dungeon (12/15)            Temple (0/1) D:6            Lair (0/6) D:10
    Orc: D:9-12

Altars:
Cheibriados
Dithmenos
Fedhas
Hepliaklqana
Sif Muna
Vehumet
Wu Jian
Zin

Annotations:
D:4 exclusion: downstairs
D:8 Harold
D:10 exclusion: 2 downstairs
D:11 exclusion: 2 downstairs


Innate Abilities, Weirdness & Mutations

You cannot wear most types of armour.
You are very stealthy in the water. (Stealth+)
You are amphibious.
You can wear up to eight rings at the same time.
You can use your tentacles to constrict eight enemies at once.
Your skin changes colour to match your surroundings (Stealth+).
Your rubbery body absorbs attacks. (AC +1, EV +1)
You have a pair of small antennae on your head.
You are frail. (-10% HP)


Message History

The seven-headed hydra barely misses you.
You riposte.
You hit the seven-headed hydra. You burn the seven-headed hydra.
The seven-headed hydra is lightly wounded.
The seven-headed hydra bites you but does no damage.
The seven-headed hydra closely misses you.
The seven-headed hydra bites you!
The seven-headed hydra barely misses you.
The seven-headed hydra bites you!
The seven-headed hydra barely misses you.
The vampire mosquito moves out of view.
There is a stone staircase leading up, spattered with blood here.
Unknown command.
The seven-headed hydra bites you! The seven-headed hydra misses you.
The seven-headed hydra completely misses you.
The seven-headed hydra bites you!
* * * LOW HITPOINT WARNING * * *
The seven-headed hydra bites you!
* * * LOW HITPOINT WARNING * * *
The seven-headed hydra bites you!
You die...

## ## #. .[... .
..#####....#$#
...#.. #..#.#
##$.#.###..#.#
##.##..........o.
.......D......oo
#..<#.###oD#{
##........@#
####.###.## .# #.
# #. #. #. #. #.


You could see a seven-headed hydra, 2 orc wizards and 2 orcs.

Vanquished Creatures
  A hydra (D:11)
  Erica (D:8)
  A two-headed ogre (D:11)
  2 orc knights (D:8)
  Maurice (D:8)
  3 trolls
  A spriggan (D:7)
  Sigmund (D:2)
  A wyvern (D:9)
  A steam dragon (D:10)
  14 wargs (D:8)
  2 insubstantial wisps (D:10)
  2 water moccasins (D:10)
  Duvessa (D:5)
  16 orc warriors
  An ice beast (D:9)
  6 sky beasts
  3 ogres
  2 black bears (D:8)
  3 phantoms
  A wolf (D:10)
  5 centaurs
  5 big kobolds
  4 bullfrogs
  A gnoll sergeant (D:9)
  A scorpion (D:9)
  Dowan (D:5)
  3 howler monkeys (D:8)
  8 wights
  An electric eel (D:10)
  A bullfrog zombie (D:5)
  A centaur zombie (D:11)
  2 crimson imps
  A centaur skeleton (D:9)
  4 jellies
  A gnoll shaman (D:4)
  5 orc wizards
  15 orc priests
  A bullfrog skeleton (D:4)
  7 hounds
  An iguana (D:8)
  6 worker ants
  A howler monkey skeleton (D:5)
  11 gnolls
  10 adders
  4 shadow imps
  6 oozes
  3 adder skeletons
  A dart slug (D:1)
  7 leopard geckos
  73 orcs
  9 bats
  5 giant cockroaches
  8 goblins
  A hobgoblin (D:1)
  9 jackals
  30 kobolds
  6 quokkas
  A ball python (D:4)
  2 frilled lizards
  A quokka skeleton (D:4)
  A rat (D:1)
327 creatures vanquished.

Vanquished Creatures (others)
  An electric eel (D:10)
  2 plants (D:8)
3 creatures vanquished.

Grand Total: 330 creatures vanquished

Notes
Turn   | Place    | Note
-------+----------+-------------------------------------------
     0 | D:1      | Atelerd the Octopode Wizard began the quest for the Orb.
     0 | D:1      | Reached XP level 1. HP: 11/11 MP: 4/4
    69 | D:1      | Reached XP level 2. HP: 18/18 MP: 6/6
  1020 | D:2      | Reached XP level 3. HP: 18/22 MP: 4/7
  1023 | D:2      | Noticed Sigmund
  1031 | D:2      | Reached skill level 1 in Fighting
  1383 | D:2      | Learned a level 3 spell: Mephitic Cloud
  1386 | D:2      | Learned a level 2 spell: Blink
  1390 | D:2      | You fall into a shaft and drop 2 floors!
  1546 | D:3      | Found a shimmering blue altar of Sif Muna.
  1559 | D:3      | Became a worshipper of Sif Muna the Loreminder
  2048 | D:2      | Killed Sigmund
  2048 | D:2      | Reached XP level 4. HP: 29/29 MP: 4/9
  2048 | D:2      | Reached XP level 5. HP: 34/34 MP: 4/10
  2435 | D:2      | Reached XP level 6. HP: 39/39 MP: 11/11
  3828 | D:4      | Learned a level 3 spell: Conjure Flame
  3905 | D:4      | Noticed an orc warrior
  3920 | D:4      | Killed an orc warrior
  3920 | D:4      | Reached skill level 5 in Stealth
  3920 | D:4      | Reached XP level 7. HP: 40/45 MP: 0/13
  3925 | D:4      | Reached * piety under Sif Muna
  4522 | D:5      | Entered Level 5 of the Dungeon
  4675 | D:5      | Noticed Dowan
  4675 | D:5      | Noticed Duvessa
  4813 | D:5      | Reached skill level 5 in Conjurations
  5048 | D:5      | Found a shadowy altar of Dithmenos.
  5315 | D:5      | Found a glowing silver altar of Zin.
  5316 | D:5      | Noticed an angel
  5383 | D:5      | Killed Dowan
  5383 | D:5      | Reached skill level 1 in Invocations
  5390 | D:5      | Killed Duvessa
  5390 | D:5      | Reached XP level 8. HP: 51/51 MP: 0/15
  5775 | D:6      | Reached skill level 5 in Spellcasting
  5811 | D:6      | Found an ornate altar of the Wu Jian Council.
  6750 | D:6      | Found a staircase to the Ecumenical Temple.
  7446 | D:7      | Reached ** piety under Sif Muna
  7772 | D:7      | Reached XP level 9. HP: 51/56 MP: 14/18
  7878 | D:7      | Found a blossoming altar of Fedhas.
  8301 | D:7      | Found a radiant altar of Vehumet.
  8579 | D:7      | Identified the +7 scythe "Qoditu Goloa" {antimagic, Int+2}
  9342 | D:8      | Noticed Erica
  9372 | D:8      | Killed Erica
  9372 | D:8      | Reached *** piety under Sif Muna
  9372 | D:8      | Reached XP level 10. HP: 48/63 MP: 0/22
  9399 | D:8      | Reached skill level 5 in Invocations
  9625 | D:8      | Gained mutation: You are frail. (-10% HP) [potion of
                  | mutation]
  9625 | D:8      | Gained mutation: You have a pair of small antennae on your
                  | head. [potion of mutation]
  9904 | D:8      | Noticed an orc knight
  9904 | D:8      | Noticed Maurice
 10187 | D:8      | Found a hazy altar of Hepliaklqana.
 11411 | D:8      | Noticed Harold
 11467 | D:8      | HP: 2/56 [Harold/+0 halberd (10)]
 11543 | D:8      | Noticed an orc knight
 11781 | D:9      | Reached **** piety under Sif Muna
 12545 | D:8      | Killed an orc knight
 12545 | D:8      | Reached XP level 11. HP: 52/62 MP: 7/24
 12565 | D:8      | Killed an orc knight
 12588 | D:8      | Killed Maurice
 12588 | D:8      | Reached skill level 10 in Spellcasting
 12872 | D:9      | Found a snail-covered altar of Cheibriados.
 13275 | D:10     | Entered Level 10 of the Dungeon
 13441 | D:10     | Reached ***** piety under Sif Muna
 13660 | D:10     | Found a staircase to the Lair.
 14206 | D:10     | Learned a level 3 spell: Inner Flame
 14390 | D:10     | Identified Sif Muna's Guide on Attacks (Sif Muna gifted it
                  | to you on level 10 of the Dungeon)
 14390 | D:10     | Received a gift from Sif Muna
 14554 | D:10     | Learned a level 7 spell: Orb of Destruction
 15288 | D:11     | Noticed a four-headed hydra
 15389 | D:11     | Noticed a two-headed ogre
 15410 | D:11     | Killed a two-headed ogre
 15871 | D:11     | Identified a scroll of acquirement
 15882 | D:11     | Got a bound lapis lazuli ring
 15883 | D:11     | Identified the ring of the Tired Orbs {Wiz rC+} (You
                  | acquired it on level 11 of the Dungeon)
 17392 | D:11     | Killed a four-headed hydra
 17392 | D:11     | Reached skill level 10 in Conjurations
 17786 | D:12     | Noticed a two-headed ogre
 17930 | D:12     | Noticed a seven-headed hydra
 18163 | D:12     | Slain by a seven-headed hydra

Levels and vault maps discovered:
D:1:      nzn_arrival_crosshair, layout_basic, minmay_misc_feat_nine_boxes,
          lemuel_another_geyser
D:2:      minmay_spotlight, layout_basic, first_ration, uniq_sigmund
D:3:      layout_basic, old_standard_altar, minivault_27, minmay_liquid_box
D:4:      layout_loops_cross, lightli_corner_chamber
D:5:      layout_gridville, zin_angel, grunt_ministairs_13,
          grunt_dithmenos_smoke, uniq_duvessa
D:6:      layout_layer_cave, old_standard_altar, minmay_temple_entry_junction
D:7:      layout_loops_ring, kennysheep_mini_moat, marbit_many_paths, the_bakery
D:8:      lemuel_castle_with_subvaults [lemuel_castle_interior_original],
          layout_loops_ring, lemuel_coloured_pillars_altar, uniq_maurice,
          uniq_harold, uniq_erica
D:9:      layout_big_octagon, kennysheep_little_box, kennysheep_generic_room_5
D:10:     layout_roguey, erik_lair_island, hangedman_misty_isle
D:11:     layout_roguey, grunt_decor_arrowhead, ebering_dispersal_statue_hall
D:12:     layout_loops_ring, erik_orc_1, uniq_fannar, uniq_frances

Skill      XL: |  1  2  3  4  5  6  7  8  9 10 11 |
---------------+----------------------------------+-----
Stealth        | 3 4 5 6 7 |  7.0
Fighting       | 2 3 4 |  4.0
Conjurations   | 3 4 5 6 7 8 10 | 10.3
Air Magic      | 2 |  2.1
Spellcasting   | 4 6 8 9 10 | 10.8
Invocations    | 1 3 4 6 8 |  8.2
Translocations | 2 3 |  3.0
Dodging        | 3 4 |  4.0
Summonings     | |  1.0

Action                   |  1- 3 |  4- 6 |  7- 9 | 10-12 || total
-------------------------+-------+-------+-------+-------++-------
Melee: Dagger            |    71 |    50 |    52 |       ||   173
       Constrict         |    15 |    12 |     5 |    17 ||    49
       Tentacles         |    11 |     8 |     6 |    12 ||    37
       Scimitar          |       |       |       |    58 ||    58
       Spear             |       |       |       |    51 ||    51
 Fire: Shortbow          |       |       |   284 |   460 ||   744
 Cast: Magic Dart        |    19 |    23 |    64 |   265 ||   371
       Mephitic Cloud    |     1 |     7 |    40 |    52 ||   100
       Conjure Flame     |       |     3 |    21 |    77 ||   101
       Blink             |       |       |     1 |    10 ||    11
       Orb of Destructio |       |       |       |     2 ||     2
Invok: Channel Magic     |       |       |       |     2 ||     2
Evoke: Wand              |       |       |       |     4 ||     4
  Use: Potion            |     1 |       |       |     6 ||     7
       Scroll            |       |     5 |     2 |    13 ||    20
 Stab: Sleeping          |     8 |     3 |     6 |     2 ||    19
       Confused          |     2 |     2 |     3 |    14 ||    21
  Eat: Chunk             |     3 |     4 |     8 |    18 ||    33
       Ration            |       |     1 |     3 |     3 ||     7
Armor: Skin              |    11 |     4 |     8 |    20 ||    43
Dodge: Dodged            |    50 |    22 |    96 |   212 ||   380
       Rpst.: Scimitar   |       |       |       |    14 ||    14
